Map: Romanticide LE

Players

PiLiPiLi - Winner!

  • Race: Protoss Protoss
  • League: Grandmaster

MCanning

  • Race: Protoss Protoss

Event: DreamHack SC2 Masters 2021 Summer

VOD

Have the link to the VOD?

Description

Time

  • Played on: May 25, 2021, 3:25 p.m.
  • Length: 9:38

All games in this series

Show
View Real Time Build Order
Export as new Build Order

PiLiPiLi Protoss - Winner!

Build Orders: Oracle Opening 

Get SALT Encoding   

  12  0:00  Probe  
  13  0:12  Probe  
  14  0:21  Pylon  
  14  0:24  Probe  
  15  0:39  Probe (Chrono Boost), Gateway  
  16  0:48  Probe (Chrono Boost), Assimilator  
  17  0:53  Probe  
  17  0:56  Assimilator  
  18  1:05  Probe (Chrono Boost)  
  18  1:09  Gateway  
  19  1:17  Probe (Chrono Boost)  
  20  1:23  Probe (Chrono Boost)  
  21  1:26  Cybernetics Core  
  21  1:32  Probe  
  22  1:38  Pylon  
  22  1:44  Probe  
  23  1:56  Probe  
  24  2:02  Stalker x2  
  24  2:05  Warp Gate  
  28  2:10  Probe  
  29  2:17  Pylon  
  29  2:24  Stargate  
  28  2:30  Probe  
  29  2:43  Probe  
  30  2:59  Nexus  
  30  3:05  Oracle (Chrono Boost)  
  30  3:07  Probe  
  34  3:13  Pylon  
  34  3:19  Probe  
  35  3:27  Twilight Council  
  35  3:32  Shield Battery  
  35  3:39  Probe  
  36  3:51  Probe  
  36  3:55  Stalker x2  
  41  4:03  Probe  
  41  4:04  Shield Battery  
  41  4:09  Phoenix (Chrono Boost)  
  44  4:22  Probe, Dark Shrine  
  44  4:23  Probe  
  46  4:34  Probe, Blink (Chrono Boost)  
  46  4:36  Probe  
  48  4:46  Probe  
  48  4:50  Probe  
  50  4:58  Probe  
  51  5:00  Pylon  
  51  5:02  Probe  
  51  5:04  Gateway  
  52  5:10  Probe  
  53  5:15  Probe  
  53  5:19  Robotics Facility  
  54  5:22  Probe, Stalker x2  
  54  5:24  Assimilator  
  54  5:27  Probe  
  60  5:34  Probe  
  60  5:35  Nexus  
  59  5:39  Probe  
  59  5:41  Pylon  
  60  5:46  Probe  
  60  5:49  Dark Templar  
  63  5:51  Probe  
  63  5:56  Pylon, Stalker  
  66  5:59  Probe  
  66  6:04  Probe  
  68  6:11  Probe  
  69  6:16  Probe  
  70  6:23  Probe  
  71  6:26  Charge (Chrono Boost)  
  71  6:28  Probe  
  71  6:29  Stalker x3  
  76  6:35  Probe, Gateway  
  76  6:37  Gateway  
  76  6:38  Gateway  
  77  6:40  Probe  
  78  6:47  Shield Battery  
  78  6:48  Gateway  
  78  6:49  Gateway  
  78  6:58  Gateway  
  78  7:11  Sentry  
  78  7:12  Probe x2, Zealot x2  
  86  7:15  Templar Archives  
  86  7:31  Zealot  
  86  7:34  Warp Prism (Chrono Boost)  
  86  7:35  Pylon  
  86  7:36  Pylon  
  86  7:37  Pylon  
  88  7:39  Gateway  
  89  7:44  Zealot x3  
  89  7:45  Zealot x3  
  101  7:53  Probe x2  
  101  7:56  Zealot  
  101  7:57  Zealot x2  
  109  8:03  Nexus  
  109  8:08  High Templar x2, Zealot x2  
  109  8:09  Zealot x2  
  121  8:17  Archon, Pylon  
  121  8:29  Zealot x2  
  122  8:39  Pylon  
  122  8:40  Pylon  
  122  8:42  Zealot x5  
  122  8:48  Zealot  
  132  8:52  Zealot x3  
  128  8:59  Zealot  
  128  9:02  Probe x2  
  120  9:06  Stalker  
  120  9:07  Stalker x4  
  126  9:15  Probe  
  119  9:18  Stalker x2  
  121  9:26  Stalker x3  
Show
View Real Time Build Order
Export as new Build Order

MCanning Protoss 

Build Orders: Oracle Opening 

Get SALT Encoding   

  12  0:00  Probe  
  13  0:12  Probe  
  14  0:17  Pylon  
  14  0:24  Probe  
  15  0:36  Probe (Chrono Boost)  
  15  0:37  Gateway  
  16  0:47  Probe (Chrono Boost), Assimilator  
  17  0:52  Probe (Chrono Boost)  
  17  0:55  Assimilator  
  18  1:03  Probe (Chrono Boost)  
  19  1:13  Probe (Chrono Boost)  
  19  1:14  Gateway  
  19  1:17  Probe (Chrono Boost)  
  21  1:26  Cybernetics Core  
  21  1:29  Probe  
  22  1:37  Pylon  
  22  1:42  Probe  
  23  1:55  Probe  
  24  2:02  Stalker (Chrono Boost)  
  24  2:03  Warp Gate  
  28  2:10  Sentry (Chrono Boost)  
  28  2:11  Probe  
  28  2:13  Pylon  
  29  2:21  Pylon  
  29  2:27  Stalker  
  31  2:34  Stalker  
  33  2:54  Nexus  
  33  3:09  Stargate  
  33  3:10  Probe  
  34  3:19  Shield Battery  
  34  3:22  Probe (Chrono Boost)  
  35  3:29  Pylon  
  36  3:34  Probe (Chrono Boost)  
  36  3:40  Probe (Chrono Boost)  
  36  3:41  Shield Battery  
  37  3:48  Probe  
  37  3:53  Oracle (Chrono Boost)  
  37  3:54  Sentry  
  43  3:58  Pylon  
  43  4:00  Probe  
  44  4:08  Probe  
  45  4:13  Probe (Chrono Boost)  
  46  4:20  Probe (Chrono Boost)  
  46  4:22  Robotics Facility  
  47  4:26  Void Ray  
  47  4:31  Probe (Chrono Boost)  
  49  4:32  Probe (Chrono Boost)  
  49  4:36  Probe (Chrono Boost)  
  49  4:37  Probe (Chrono Boost)  
  55  4:39  Assimilator  
  55  4:43  Assimilator  
  55  4:47  Probe  
  55  4:49  Probe  
  57  4:53  Pylon  
  57  4:59  Probe  
  58  5:01  Probe  
  58  5:04  Stargate  
  59  5:11  Probe  
  59  5:13  Probe  
  61  5:19  Observer (Chrono Boost)  
  61  5:20  Void Ray  
  62  5:23  Probe  
  62  5:24  Pylon  
  62  5:25  Probe  
  62  5:26  Forge  
  68  5:35  Probe  
  69  5:37  Probe  
  70  5:45  Immortal (Chrono Boost)  
  70  5:47  Probe  
  70  5:49  Probe  
  76  5:53  Void Ray  
  76  5:55  Pylon  
  76  5:57  Void Ray  
  76  5:59  Probe  
  76  6:01  Probe  
  86  6:13  Probe x2  
  86  6:14  Nexus  
  82  6:26  Probe  
  82  6:27  Probe  
  81  6:38  Probe  
  81  6:39  Probe (Chrono Boost), Robotics Bay  
  83  6:44  Pylon  
  83  6:46  Void Ray  
  83  6:50  Probe (Chrono Boost), Photon Cannon  
  83  6:51  Probe (Chrono Boost)  
  83  6:54  Void Ray  
  89  6:59  Probe (Chrono Boost), Photon Cannon  
  89  7:00  Probe (Chrono Boost)  
  91  7:04  Probe (Chrono Boost)  
  96  7:08  Photon Cannon  
  96  7:11  Shield Battery  
  96  7:22  Stalker x2  
  100  7:23  Void Ray  
  100  7:28  Disruptor (Chrono Boost), Shield Battery  
  97  7:34  Photon Cannon  
  97  7:35  Pylon  
  100  7:40  Probe x2  
  100  7:43  Probe  
  103  7:49  Zealot x2  
  107  7:52  Probe x2  
  107  7:55  Probe  
  110  8:00  Void Ray  
  110  8:04  Void Ray  
  110  8:08  Pylon  
  118  8:13  Pylon  
  118  8:19  Zealot, Assimilator  
  118  8:21  Disruptor  
  118  8:24  Assimilator  
  118  8:34  Zealot  
  118  8:37  Probe, Fleet Beacon  
  121  8:42  Photon Cannon  
  121  8:43  Photon Cannon  
  121  8:48  Probe  
  117  8:52  Zealot  
  117  8:53  Void Ray  
  105  8:56  Disruptor  
  105  9:01  Zealot  
  97  9:17  Zealot  
  99  9:24  Probe  
Tags
 
Add a new tag
Caveats
  • Supply blocks, unpowered buildings, or Contaminate may cause inaccurate times.
  • Supply counts are checked every 10 seconds.